 Dungeon Crawl Stone Soup version 0.20-a0-296-gf222164 (webtiles) character file.

440 tsouns the Skirmisher (level 6, 0/76 HPs)
             Began as a Demonspawn Wanderer on Dec 14, 2016.
             Succumbed to an orc priest's poison
             ... on level 3 of the Dungeon.
             The game lasted 00:07:05 (1962 turns).

tsouns the Skirmisher (Demonspawn Wanderer)         Turns: 1962, Time: 00:07:06

Health: 0/76       AC: 23    Str: 23    XL:     6   Next: 70%
Magic:  15/15      EV:  2    Int: 13    God:
Gold:   138        SH:  0    Dex:  9    Spells: 5/5 levels left

rFire  + . .     SeeInvis .     c - +0 quarterstaff
rCold  . . .     Gourm    .     (armour currently unavailable)
rNeg   + + +     Faith    .     (shield currently unavailable)
rPois  +         Spirit   .     (helmet currently unavailable)
rElec  .         Reflect  .     (cloak currently unavailable)
rCorr  .         Harm     .     (gloves currently unavailable)
MR     .....     NoTele   +     (boots currently unavailable)
Stlth  +.........               (no amulet)
                                d - ring of protection from fire
                                o - ring of magical power

@: mighty, lethally poisoned (0 -> -8), tree-form, very slightly contaminated,
invisible
A: (antennae 0), (yellow scales 0)
a: no special abilities


You were on level 3 of the Dungeon.
You were not hungry.
You were a tree.
You visited 1 branch of the dungeon, and saw 3 of its levels.

You collected 138 gold pieces.

Inventory:

Hand Weapons
 b - a +2 blowgun
 c - a +0 quarterstaff (weapon)
 u - a +2 dagger of venom
Missiles
 a - 2 curare-tipped needles
 h - 64 stones (quivered)
 w - 22 poisoned needles
Armour
 j - a +2 ring mail of magic resistance (melded)
 q - a +0 pair of boots (melded)
 t - a +0 pair of gloves (melded)
Jewellery
 d - a ring of protection from fire (right branch)
 o - a ring of magical power (left branch)
Wands
 m - a wand of slowing (18/48)
Scrolls
 n - a scroll of recharging
Potions
 e - a potion of brilliance
 g - 2 potions of flight
 k - a potion of cure mutation
 l - a potion of degeneration
 p - 2 potions of might
Books
 y - a book of Minor Magic

   Spells                             Type                      Level
   a - Magic Dart                     Conjuration                  1
   b - Blink                          Translocation                2
   c - Call Imp                       Summoning                    2
   d - Repel Missiles                 Charms/Air                   2
   e - Slow                           Hexes                        2
   f - Conjure Flame                  Conjuration/Fire             3
   g - Mephitic Cloud                 Conjuration/Poison/Air       3
Comestibles
 f - 2 bread rations
 r - 2 chunks of flesh


   Skills:
 + Level 5.1 Fighting
   Level 1.7(3.3) Polearms
 + Level 4.4(4.6) Staves
   Level 1.0 Bows
 - Level 1.7 Throwing
 - Level 1.7 Armour
 - Level 1.0 Dodging


You had 5 spell levels left.
You didn't know any spells.

Dungeon Overview and Level Annotations

Branches:
Dungeon (3/15)

Altars:
Xom


Innate Abilities, Weirdness & Mutations

((You have a pair of small antennae on your head.))
((You are partially covered in yellow scales. (AC +2)))


Message History

There is a lethal amount of poison in your body!
Okay, then.
Okay, then.
Unknown command.
There is a lethal amount of poison in your body!
* * * LOW HITPOINT WARNING * * *
You feel sick.
* * * LOW HITPOINT WARNING * * *
You feel sick.
* * * LOW HITPOINT WARNING * * *
You feel sick.
* * * LOW HITPOINT WARNING * * *
You feel sick.
* * * LOW HITPOINT WARNING * * *
You feel sick.
* * * LOW HITPOINT WARNING * * *
You feel sick.
* * * LOW HITPOINT WARNING * * *
You feel sick.
You die...

.........#####.#
.####..#.#.....#
..###..........#
#[.##..........#
...............#
.#(###.........###
.#.# #..........)#
.#.# #.........#)#
.#.# ###########♣#
##.# #...)...#
##.####.............#
........#####.......#
##.###### #.......#
##.# ######### #.#
#.# ##.#


There were no monsters in sight!

Vanquished Creatures
  Sigmund (D:2)
  A phantom (D:3)
  2 orc priests (D:3)
  An orc wizard (D:3)
  3 adders
  An ooze (D:1)
  A worm (D:3)
  4 dart slugs
  3 leopard geckos
  4 orcs (D:3)
  2 ball pythons
  4 giant cockroaches
  10 goblins
  7 hobgoblins
  2 quokkas
  2 bats
  2 frilled lizards
  7 kobolds
  5 rats
62 creatures vanquished.

Vanquished Creatures (others)
  An orc (D:3)
1 creature vanquished.

Grand Total: 63 creatures vanquished

Notes
Turn   | Place    | Note
-------+----------+-------------------------------------------
     0 | D:1      | tsouns the Demonspawn Wanderer began the quest for the Orb.
     0 | D:1      | tsouns set off with: 2 curare-tipped needles, a +2 blowgun, a +0 quarterstaff, a +0 ring mail, a bread ration
     0 | D:1      | Reached XP level 1. HP: 16/16 MP: 1/1
   174 | D:1      | Gained mutation: You have a pair of small antennae on your head. [demonic ancestry]
   174 | D:1      | Reached XP level 2. HP: 23/23 MP: 2/2
   191 | D:1      | Reached skill level 1 in Staves
   491 | D:1      | Found a shimmering altar of Xom.
   655 | D:1      | Gained mutation: You are partially covered in yellow scales. (AC +2) [demonic ancestry]
   655 | D:1      | Reached XP level 3. HP: 26/28 MP: 3/3
   912 | D:2      | Noticed Sigmund
  1070 | D:2      | Reached skill level 3 in Fighting
  1181 | D:2      | Killed Sigmund
  1181 | D:2      | Reached skill level 4 in Fighting
  1181 | D:2      | Reached XP level 4. HP: 37/37 MP: 4/4
  1181 | D:2      | Reached XP level 5. HP: 42/42 MP: 5/5
  1831 | D:3      | Reached XP level 6. HP: 29/49 MP: 6/6
  1944 | D:3      | Reached skill level 5 in Fighting
  1959 | D:3      | HP: 2/76 [poisoned by an orc priest]
  1962 | D:3      | Succumbed to an orc priest's poison

Vault maps used:
D:1:      dpeg_arrival_more_subterranean_lakeside_camping, xom_teletrap_fun
D:2:      chequers_big_river, uniq_sigmund
D:3:      first_bread

Skill      XL: |  1  2  3  4  5  6 |
---------------+-------------------+-----
Staves         | 1 3 4 |  4.4
Fighting       | 4 5 |  5.1
Polearms       | |  1.7
Bows           | |  1.0
Throwing       | |  1.7
Armour         | |  1.7
Dodging        | |  1.0

Action                   |  1- 3 |  4- 6 || total
-------------------------+-------+-------++-------
Melee: Quarterstaff      |   101 |   116 ||   217
  Use: Scroll            |     9 |     3 ||    12
       Potion            |     2 |     3 ||     5
 Stab: Invisible         |       |     2 ||     2
  Eat: Chunk             |     1 |     3 ||     4
Armor: Ring mail         |    31 |    55 ||    86
Dodge: Dodged            |    56 |    37 ||    93
